 Dungeon Crawl Stone Soup version 0.17-a0-776-gd86b262 (webtiles) character file.

46 Sithun the Ogre Mage (level 3, 0/32 HPs)
             Began as an Ogre Wizard on Apr 24, 2015.
             Slain by a giant gecko (2 damage)
             ... on level 3 of the Dungeon.
             The game lasted 00:16:28 (2039 turns).

Sithun the Ogre Mage (Ogre Wizard)                  Turns: 2039, Time: 00:16:29

Health: 0/32       AC:  3    Str: 12    XL:     3   Next: 66%
Magic:  0/9        EV: 10    Int: 18    God:
Gold:   98         SH:  0    Dex:  8    Spells: 3 memorised, 5 levels left

rFire  . . .     SeeInvis .     g - +0 club
rCold  . . .     Clarity  .     a - +0 robe
rNeg   . . .     SustAb   .     (no shield)
rPois  .         Gourm    .     b - +0 hat
rElec  .         Spirit   .     (no cloak)
rCorr  .         Warding  .     (gloves unavailable)
rMut   .         Stasis   .     (boots unavailable)
MR     .....                    (no amulet)
Stlth  +.........               (no ring)
                                (no ring)

@: very slightly contaminated, not resistant to hostile enchantments, very
unstealthy
A: unfitting armour, tough skin 1
a: no special abilities


You were on level 3 of the Dungeon.
You were not hungry.

You visited 1 branch of the dungeon, and saw 3 of its levels.

You collected 98 gold pieces.

Inventory:

Hand weapons
 e - a -1 short sword
 g - a +0 club (weapon)
Armour
 a - a +0 robe (worn)
 b - a +0 hat (worn)
 j - a +0 chain mail
Jewellery
 h - an uncursed ring of protection from fire {unknown}
Potions
 f - a potion of flight {unknown}
 i - a potion of curing {unknown}
Books
 c - a book of Minor Magic

   Spells                             Type                      Level
   a - Magic Dart                     Conjuration                  1
   b - Blink                          Translocation                2
   c - Call Imp                       Summoning                    2
   d - Repel Missiles                 Charms/Air                   2
   e - Slow                           Hexes                        2
   f - Conjure Flame                  Conjuration/Fire             3
   g - Mephitic Cloud                 Conjuration/Poison/Air       3
Comestibles
 d - a bread ration
 k - a meat ration


   Skills:
 + Level 0.6 Fighting
 + Level 0.1 Short Blades
 + Level 2.1 Dodging
 + Level 1.6 Stealth
 + Level 4.6 Spellcasting
 + Level 1.0 Conjurations
   Level 0.6 Summonings
 + Level 0.6 Translocations


You had 5 spell levels left.
You knew the following spells:

 Your Spells              Type           Power        Failure   Level  Hunger
a - Magic Dart            Conj           #...         12%         1    None
b - Blink                 Tloc           N/A          17%         2    #......
c - Mephitic Cloud        Conj/Pois/Air  #.......     43%         3    ###....


Dungeon Overview and Level Annotations

Branches:
Dungeon (3/15)

Altars:

Annotations:
D:1 Terence


Innate Abilities, Weirdness & Mutations

You are too large for most types of armour.
You have tough skin (AC +1).


Message History

You don't have enough magic to cast that spell.
The bat closely misses you. The bat barely misses you.
The giant gecko barely misses you. The bat barely misses you. The bat hits you.
* * * LOW HITPOINT WARNING * * *
Casting: Blink
Confirm with . or Enter, or press ? or * to list all spells.
You blink.
The bat hits you.
* * * LOW HITPOINT WARNING * * *
The bat hits you.
* * * LOW HITPOINT WARNING * * *
The bat hits you but does no damage. The bat closely misses you.
The giant newt bites you.
* * * LOW HITPOINT WARNING * * *
The bat barely misses you. The bat hits you but does no damage.
You barely miss the bat. The bat hits you but does no damage.
The giant gecko bites you.
You die...

#........
##.#..)...$
..#........
##..........#
#..........##.#.
#.....(..........
#......#..###...
#......#.......#
#...@...(......#
#..lb..........#
#...l..........#
#..........<.###
###......†....#
#.............#
#............?#
#......########
#......#


You could see a giant gecko, a bat and a giant newt.

Vanquished Creatures
  An adder (D:3)
  A giant gecko (D:1)
  A giant cockroach (D:1)
  6 goblins
  6 hobgoblins
  15 giant newts
  5 kobolds
  4 rats
39 creatures vanquished.

Notes
Turn   | Place    | Note
--------------------------------------------------------------
     0 | D:1      | Sithun, the Ogre Wizard, began the quest for the Orb.
     0 | D:1      | Reached XP level 1. HP: 16/16 MP: 5/5
    37 | D:1      | Noticed an ogre
   172 | D:1      | Reached skill level 4 in Spellcasting
   172 | D:1      | Reached XP level 2. HP: 19/24 MP: 2/7
   944 | D:2      | Reached XP level 3. HP: 32/32 MP: 1/8
  1117 | D:2      | Noticed Terence
  1631 | D:2      | Learned a level 2 spell: Blink
  1638 | D:2      | Learned a level 3 spell: Mephitic Cloud
  1872 | D:3      | Reached skill level 1 in Conjurations
  2039 | D:3      | Slain by a giant gecko

Action                   || total
-------------------------++-------
Melee: Short sword       ||    90
       Unarmed           ||     5
       Club              ||    16
 Cast: Magic Dart        ||    81
       Blink             ||     3
       Mephitic Cloud    ||     2
  Use: Scroll            ||     4
       Potion            ||     1
 Stab: Sleeping          ||     1
  Eat: Bread ration      ||     1
